 Seeded DCSS version 0.29.1-15-g9cfb28693d (webtiles) character file.

Game seed: 14669342937109275278 (custom seed)

4090 Psyclone the Thaumaturge (level 10, -15/49 (50) HPs)
             Began as a Deep Elf Conjurer on Sept 27, 2023.
             Was an Initiate of Ashenzari.
             Shot with an arrow by a centaur warrior (26 damage)
             ... on level 8 of the Dungeon.
             The game lasted 00:28:54 (8972 turns).

Psyclone the Thaumaturge (Deep Elf Conjurer)        Turns: 8972, Time: 00:28:54

HP:   -15/49 (50)   AC:  8    Str:  4    XL:     10   Next: 5%
MP:   18/29         EV: 12    Int: 34    God:    Ashenzari [......]
Gold: 561           SH:  0    Dex: 13    Spells: 29/36 levels left

rFire   . . .      SeeInvis .   b - staff of poison
rCold   . . .      Faith    .   (no shield)
rNeg    . . .      Spirit   .   n - +0 steam dragon scales
rPois   +          Reflect  .   j - +0 helmet of Zaisox {Int+6}
rElec   .          Harm     .   o - +1 cloak
rCorr   .          Rampage  .   (no gloves)
Will    +....                   (no boots)
Stlth   ++........              (no amulet)
HPRegen 0.16/turn               d - +4 ring of slaying
MPRegen 0.21/turn               w - ring of wizardry

@: lightly drained
A: no striking features
a: Renounce Religion, Curse Item


You were on level 8 of the Dungeon.
You worshipped Ashenzari.
Ashenzari was noncommittal.
You visited 2 branches of the dungeon, and saw 9 of its levels.

You collected 617 gold pieces.
You spent 56 gold pieces at shops.

Inventory:

Hand Weapons
 a - a +4 dagger
Missiles
 h - a throwing net {!f}
Armour
 j - the +0 helmet of Zaisox (worn) {Int+6}
   (You acquired it on level 3 of the Dungeon)

   Int:       It affects your intelligence (+6).
 n - +0 steam dragon scales (worn)
 o - a +1 cloak (worn)
Magical Staves
 b - a staff of poison (weapon)
Jewellery
 d - a +4 ring of slaying (left hand)
 k - the ring "Imomil" {rF+ rC+ rN+++ Str-4}
   (You found it on level 3 of the Dungeon)

   [ring of protection from cold]

   Str:       It affects your strength (-4).
   rF:        It protects you from fire.
   rC:        It protects you from cold.
   rN:        It renders you almost immune to negative energy.
 w - a ring of wizardry (right hand)
Wands
 g - a wand of charming (15)
 q - a wand of flame (58)
Scrolls
 c - 4 scrolls of magic mapping
 e - 4 scrolls of identify {@r1}
 p - a scroll of fog
 r - 3 scrolls of immolation
 s - 2 scrolls of vulnerability
 t - 3 scrolls of summoning
Potions
 f - 2 potions of flight
 i - 2 potions of curing
 l - a potion of mutation
 m - 3 potions of heal wounds
 u - a potion of brilliance
 v - a potion of haste
 x - 3 potions of magic


   Skills:
 - Level 2.4 Dodging
 - Level 2.4 Stealth
 + Level 13.5 Spellcasting
 + Level 12.0 Conjurations


You had 29 spell levels left.
You knew the following spells:

 Your Spells              Type           Power      Damage    Failure   Level
a - Magic Dart            Conj           100%       1d8       0%          1
b - Searing Ray           Conj           100%       2d8       0%          2
d - Fulminant Prism       Conj/Hex       29%        3d14      1%          4

Your spell library contained the following spells:

 Spells                   Type           Power      Damage    Failure   Level
 Call Imp                 Summ           23%        N/A       1%          2
 Sublimation of Blood     Necr           23%        N/A       1%          2
 Wereblood                Tmut           23%        N/A       1%          2
 Dazzling Flash           Conj/Hex       100%       N/A       1%          3
 Mephitic Cloud           Conj/Pois/Air  66%        N/A       1%          3
 Iskenderun's Mystic Bla  Conj/Tloc      59%        2d12      1%          4
 Fireball                 Conj/Fire      29%        3d13      1%          5
 Starburst                Conj/Fire      29%        6d9       10%         6
 Summon Hydra             Summ           11%        N/A       99%         7
 Ignition                 Fire           11%        3d5       100%        8


Dungeon Overview and Level Annotations

Branches:
Dungeon (8/15) Zot: 26463  Temple (1/1) D:6 Zot: 5939
   Lair: D:8-11

Altars:
Ashenzari
Cheibriados
Dithmenos
Elyvilon
Fedhas
Gozag
Hepliaklqana
Kikubaaqudgha
Makhleb
Nemelex Xobeh
Okawaru
Qazlal
Ru
Sif Muna
Trog
Uskayaw
Vehumet
Wu Jian
Xom
Yredelemnul
Zin
The Shining One

Shops:
D:1 ?   D:3 *   D:7 (


Message History

Casting: Fulminant Prism (dangerous; 1% risk of failure)
Confirm with . or Enter, or press ? or * to list all spells.
Aiming: Searing Ray (safe; 0% risk of failure)
Press: ? - help, Shift-Dir - straight line, f - centaur warrior
Aim: a centaur warrior, wielding a +0 longbow (ally target, 87% to hit)
The searing ray hits the centaur warrior.
The centaur warrior is lightly wounded. (Press . to maintain the ray.)
The centaur warrior unwields a +0 longbow.
The centaur warrior barely misses you. The centaur warrior kicks you.
Your fulminant prism crackles loudly.
You take 2 damage, and have 36/49 hp.
You now have 23/29 mp.
The centaur warrior wields a +0 longbow.
The centaur warrior shoots an arrow.
The arrow hits you!!
Your fulminant prism explodes!
The blast of energy engulfs the centaur warrior!!
The centaur warrior is heavily wounded.
You hear a shout!
You take 21 damage, and have 15/49 hp.
MASSIVE DAMAGE!!
You hear a bellow!
Casting: Searing Ray (safe; 0% risk of failure)
Confirm with . or Enter, or press ? or * to list all spells.
Aiming: Fulminant Prism (dangerous; 1% risk of failure)
Press: ? - help, Dir - move target You conjure a prism of explosive energy!
A fulminant prism comes into view.
The centaur warrior shoots an arrow.
The arrow hits you.
* * * LOW HITPOINT WARNING * * *
You take 4 damage, and have 11/49 hp.
You now have 20/29 mp.
Your fulminant prism crackles loudly.
Casting: Fulminant Prism (dangerous; 1% risk of failure)
Confirm with . or Enter, or press ? or * to list all spells.
Aiming: Searing Ray (safe; 0% risk of failure)
Press: ? - help, Shift-Dir - straight line, f - centaur warrior
Aim: a centaur warrior, wielding a +0 longbow (heavily wounded, ally target, 87% to hit)
The searing ray misses the centaur warrior. (Press . to maintain the ray.)
The centaur warrior shoots an arrow.
The arrow hits you!!
Ouch! That really hurt!
You die...

# ## .## ... ..###.##
### .##.....## ##.##
##..###..## ##...##
#.....#...###.....##
..##.......#....@..##
.##........#.#####c*##
.....(.......#?......#
.####..###.#.##.c#####
..|.....#..#..##..
#....##...###..##..
##...##..## #..##..
.##.....## #..##c#
..###.### ##.###


You could see a centaur warrior (ally target) and a friendly fulminant prism.

Vanquished Creatures
  A gargoyle (D:7)
  Maggie (D:6)
  Grinder (D:4)
  6 yaks (D:8)
  A water moccasin (D:7)
  Duvessa (D:5)
  A black bear (D:6)
  2 ice beasts
  A sky beast (D:7)
  2 ogres
  A centaur (D:8)
  A phantom (D:7)
  2 kobold brigands
  2 bullfrogs
  A gnoll sergeant (D:8)
  A scorpion (D:6)
  4 wights
  4 killer bees (D:7)
  Dowan (D:5)
  A howler monkey (D:5)
  3 hounds
  6 jellies
  Jessica (D:2)
  Ijyb (D:4)
  2 iguanas
  3 orc wizards
  11 adders
  3 gnolls (D:8)
  2 shadow imps (D:6)
  A white imp (D:7)
  An ufetubus (D:7)
  4 worms
  2 dart slugs
  14 orcs
  2 ball pythons
  5 endoplasms
  3 giant cockroaches (D:1)
  3 goblins
  4 hobgoblins
  5 jackals
  2 quokkas
  4 bats
  6 frilled lizards
  19 kobolds
  5 rats
147 creatures vanquished.

Vanquished Creatures (others)
  47 fulminant prisms
47 creatures vanquished.

Grand Total: 194 creatures vanquished

Notes
Turn   | Place    | Note
-------+----------+-------------------------------------------
     0 | D:1      | Psyclone the Deep Elf Conjurer began the quest for the Orb.
     0 | D:1      | Reached XP level 1. HP: 10/10 MP: 6/6
   524 | D:1      | Reached XP level 2. HP: 15/15 MP: 5/8
   731 | D:1      | Found Fuuduirr's Magic Scroll Boutique.
  1447 | D:2      | Reached skill level 4 in Spellcasting
  1447 | D:2      | Reached skill level 5 in Conjurations
  1447 | D:2      | Reached XP level 3. HP: 19/19 MP: 6/10
  2075 | D:2      | Reached XP level 4. HP: 24/24 MP: 9/12
  2268 | D:2      | Noticed Jessica
  2279 | D:2      | Killed Jessica
  2280 | D:2      | Reached skill level 5 in Spellcasting
  2425 | D:2      | Learned a level 2 spell: Searing Ray
  2526 | D:3      | Found Duomir's Assorted Antiques.
  2595 | D:3      | Bought a scroll labelled CEOFEO GIXO for 28 gold pieces
  2595 | D:3      | Bought a scroll labelled MUEMAN ORUADGH for 28 gold pieces
  3137 | D:3      | Identified a scroll of acquirement
  3137 | D:3      | Acquired the +0 helmet of Zaisox {Int+6}
  3665 | D:3      | Identified the ring "Imomil" {rF+ rC+ rN+++ Str-4}
  3667 | D:3      | Lost strength.
  3848 | D:3      | Lost strength.
  3962 | D:4      | Found a stormy altar of Qazlal.
  3988 | D:4      | Reached XP level 5. HP: 28/28 MP: 6/15
  4112 | D:4      | Noticed an ogre
  4138 | D:4      | Learned a level 4 spell: Fulminant Prism
  4167 | D:4      | Killed an ogre
  4168 | D:4      | Reached skill level 6 in Spellcasting
  4284 | D:4      | Reached XP level 6. HP: 32/32 MP: 9/17
  4728 | D:4      | Noticed Grinder
  4734 | D:4      | Paralysed by Grinder for 3 turns
  4742 | D:4      | Killed Grinder
  4743 | D:4      | Reached skill level 7 in Spellcasting
  4743 | D:4      | Reached XP level 7. HP: 24/36 MP: 3/20
  4864 | D:4      | Noticed Ijyb
  4876 | D:4      | Killed Ijyb
  5159 | D:5      | Entered Level 5 of the Dungeon
  5267 | D:5      | Found a hide-covered altar of Uskayaw.
  5397 | D:5      | Reached skill level 8 in Spellcasting
  5534 | D:5      | Noticed Duvessa
  5540 | D:5      | Killed Duvessa
  5541 | D:5      | Noticed Dowan
  5562 | D:5      | Killed Dowan
  6111 | D:6      | Reached skill level 9 in Spellcasting
  6195 | D:6      | Reached XP level 8. HP: 41/41 MP: 15/23
  6428 | D:6      | Found a burning altar of Makhleb.
  6437 | D:6      | Found a sacrificial altar of Ru.
  6577 | D:6      | Reached skill level 10 in Spellcasting
  6653 | D:6      | Found a sparkling altar of Nemelex Xobeh.
  6737 | D:6      | Found a staircase to the Ecumenical Temple.
  6779 | Temple   | Entered the Ecumenical Temple
  6779 | Temple   | Found a transporter.
  6779 | Temple   | Found a transporter.
  6783 | Temple   | Found a transporter.
  6783 | Temple   | Found a transporter.
  6825 | Temple   | Became a worshipper of Ashenzari the Shackled
  6873 | D:6      | Noticed Maggie
  6889 | D:6      | Killed Maggie
  6903 | D:6      | Reached skill level 11 in Spellcasting
  6903 | D:6      | Reached skill level 10 in Conjurations
  7252 | D:7      | Noticed a gargoyle
  7261 | D:7      | Killed a gargoyle
  7262 | D:7      | Reached XP level 9. HP: 20/45 MP: 14/26
  7984 | D:7      | Reached skill level 12 in Spellcasting
  8147 | D:7      | Found Serghalo's Weapon Shop.
  8571 | D:8      | Reached skill level 13 in Spellcasting
  8598 | D:8      | Reached XP level 10. HP: 37/50 MP: 2/29
  8962 | D:8      | Noticed a centaur warrior
  8972 | D:8      | Shot with an arrow by a centaur warrior

Illustrated notes

Levels and vault maps discovered:
D:1:      dpeg_arrival_brainrot, layout_basic, serial_shops, shop_coins
D:2:      layout_basic, uniq_jessica
D:3:      wander_river, layout_basic, serial_shops, nicolae_shop_trees,
          minivault_5, minmay_strange_pillars
D:4:      layout_rooms, mainiacjoe_overflow_cross_hatched, minmay_hedge_maze,
          uniq_ijyb, uniq_grinder
D:5:      layout_basic, mainiacjoe_overflow_six_doors_small, uniq_duvessa
D:6:      layout_cave_pools, nicolae_ru_great_annihilating_truth,
          makhleb_heckhound_becter, nemelex_diamond_rough_becter,
          minmay_temple_entry_purple_smoke, uniq_maggie
D:7:      layout_cave_pods, serial_shops, shop, serial_park_tiny_1
D:8:      minmay_the_grid_octo_2x2 [minmay_the_grid_octo_77,
          minmay_the_grid_octo_tetromino_candy, minmay_the_grid_octo_chip,
          minmay_the_grid_octo_prize_ultimate_mussel_roller], layout_basic
Temple:   hellmonk_temple_divided_pantheon

Skill      XL: |  1  2  3  4  5  6  7  8  9 |
---------------+----------------------------+-----
Spellcasting   | 4 5 6 7 9 11 13 | 13.5
Conjurations   | 5 6 7 8 10 12 | 12.0
Dodging        | |  2.4
Stealth        | |  2.4

Action                   |  1- 3 |  4- 6 |  7- 9 | 10-12 || total
-------------------------+-------+-------+-------+-------++-------
Melee: Dagger            |       |     2 |       |       ||     2
       Staff             |       |       |     3 |       ||     3
 Cast: Magic Dart        |    70 |    71 |    60 |     1 ||   202
       Fulminant Prism   |       |    10 |    34 |     4 ||    48
       Searing Ray       |       |     2 |    33 |     3 ||    38
  Use: Scroll            |     6 |     6 |     5 |       ||    17
       Potion            |     3 |     2 |       |       ||     5
Armor: Robe              |     1 |     6 |    11 |       ||    18
       Steam dragon scal |       |       |     8 |     1 ||     9
Dodge: Dodged            |     5 |     3 |    30 |     5 ||    43
